 Dungeon Crawl Stone Soup version 0.30-a0-1114-gd936c97349 (webtiles) character file.

Game seed: 15346492905645074810

199986 freelancePsychic the Brawler (level 17, -1/180 HPs)
             Began as a Troll Wanderer on Apr 19, 2023.
             Was the Champion of Cheibriados.
             Hit by a silver javelin thrown by a merfolk javelineer (9 damage)
             ... on level 4 of the Shoals on Apr 20, 2023.
             The game lasted 00:57:22 (29430 turns).

freelancePsychic the Brawler (Troll Wanderer)      Turns: 29430, Time: 00:57:22

Health: -1/180     AC: 15    Str: 38    XL:     17   Next: 86%
Magic:  8/21       EV: 13    Int: 29    God:    Cheibriados [******]
Gold:   545        SH: 20    Dex: 25    Spells: 14/22 levels left

rFire   . . .      SeeInvis .      - Unarmed
rCold   + . .      Faith    .    N - +1 kite shield {AC+3}
rNeg    . . .      Spirit   .    d - +0 steam dragon scales
rPois   .          Reflect  +    O - +2 hat
rElec   .          Rampage  .    S - +2 cloak
rCorr   .                        (gloves unavailable)
Will    +....                    (boots unavailable)
Stlth   ++                       M - amulet of reflection
HPRegen 1.30/turn                n - ring of protection from cold
MPRegen 0.17/turn                U - ring of wizardry

@: studying Axes, very slow
A: large, unfitting armour, claws 3, regeneration 1, shaggy fur 1, tough skin 1
}: 1/15 runes: serpentine
a: Renounce Religion, Bend Time, Temporal Distortion, Slouch, Step From Time


You were on level 4 of the Shoals.
You worshipped Cheibriados.
Cheibriados was exalted by your worship.
You visited 5 branches of the dungeon, and saw 30 of its levels.

You collected 2766 gold pieces.
You spent 2221 gold pieces at shops.

Inventory:

Hand Weapons
 a - the +9 sling of Ychafuw {freeze, rF+ MP+9 Int+3}
   (You found it on level 4 of the Dungeon)

   Int:       It affects your intelligence (+3).
   rF:        It protects you from fire.
   MP:        It affects your magic capacity (+9).
Missiles
 b - 43 boomerangs
 g - 14 javelins
 h - 19 large rocks
 o - 18 poisoned darts (quivered)
 v - 5 curare-tipped darts
 E - 4 throwing nets
Armour
 d - +0 steam dragon scales (worn)
 s - the +10 tower shield of Ignorance {rN+ Int-4}
   (You acquired it on level 2 of the Shoals)

   Int:       It affects your intelligence (-4).
   rN:        It protects you from negative energy.
 N - a +1 kite shield of protection (worn)
 O - a +2 hat (worn)
 S - a +2 cloak (worn)
Jewellery
 n - a ring of protection from cold (left claw)
 L - a ring of protection from cold
 M - an amulet of reflection (around neck)
 Q - a +5 ring of evasion
 U - a ring of wizardry (right claw)
 Y - an amulet of faith
 Z - an amulet of the acrobat
Wands
 u - a wand of iceblast (11)
 K - a wand of acid (12)
 T - a wand of charming (7)
 W - a wand of flame (21)
 X - a wand of mindburst (6)
Scrolls
 e - 5 scrolls of immolation
 f - 3 scrolls of poison
 i - 5 scrolls of butterflies
 j - 3 scrolls of enchant armour
 k - 4 scrolls of teleportation {@r4}
 r - 3 scrolls of torment
 t - 2 scrolls of fog
 w - 7 scrolls of vulnerability
 y - 3 scrolls of brand weapon
 C - 5 scrolls of blinking
 G - 4 scrolls of enchant weapon
 I - 6 scrolls of amnesia
 V - 6 scrolls of identify {@r1}
Potions
 c - a potion of invisibility
 l - a potion of attraction
 m - 5 potions of might
 p - a potion of flight
 q - 4 potions of degeneration
 x - 9 potions of brilliance
 z - a potion of heal wounds {@q2}
 A - 5 potions of lignification
 B - 6 potions of curing {@q1}
 D - 4 potions of magic
 F - 5 potions of mutation
 H - 2 potions of cancellation
 J - 2 potions of ambrosia
 P - 2 potions of berserk rage
Miscellaneous
 R - a lightning rod (4/4)


   Skills:
 + Level 14.2 Fighting
 - Level 2.4 Throwing
 - Level 6.0 Dodging
 - Level 1.0 Stealth
 + Level 11.8 Shields
 - Level 16.0 Unarmed Combat
 - Level 3.0 Spellcasting
 - Level 1.0 Hexes
 - Level 2.4 Necromancy
 * Level 9.6 Transmutations
 * Level 11.5 Earth Magic
 - Level 7.0 Invocations


You had 14 spell levels left.
You knew the following spells:

 Your Spells              Type           Power      Damage    Failure   Level
a - Statue Form           Tmut/Erth      40%        N/A       11%         6
b - Passwall              Tmut/Erth      50%        N/A       1%          2

Your spell library contained the following spells:

 Spells                   Type           Power      Damage    Failure   Level
 Necrotise                Necr           72%        1d7       1%          1
 Sandblast                Erth           100%       2d20      1%          1
 Stone Arrow              Conj/Erth      74%        3d11      1%          3
 Lee's Rapid Deconstruct  Erth           31%        3d16*     1%          5
 Slow                     Hex            40%        N/A       3%          1
 Ignite Poison            Fire/Tmut/Pois 23%        N/A       4%          3
 Animate Armour           Summ/Erth      74%        N/A       4%          4
 Leda's Liquefaction      Hex/Erth       20%        N/A       4%          4
 Freeze                   Ice            16%        1d4       5%          1
 Shock                    Conj/Air       16%        1d4       5%          1
 Cigotuvi's Dreadful Rot  Necr/Pois/Air  18%        N/A       6%          2
 Ice Form                 Ice/Tmut       32%        N/A       8%          4
 Blink                    Tloc           8%         N/A       9%          2
 Lesser Beckoning         Tloc           8%         N/A       9%          2
 Momentum Strike          Conj/Tloc      8%         3d8       9%          2
 Static Discharge         Conj/Air       8%         2-3/arc   9%          2
 Dazzling Flash           Conj/Hex       14%        N/A       13%         3
 Inner Flame              Hex/Fire       7%         N/A       13%         3
 Summon Guardian Golem    Hex/Summ       7%         N/A       13%         3
 Frozen Ramparts          Ice            8%         1d2       16%         3
 Hailstorm                Conj/Ice       4%         3d4       16%         3
 Mephitic Cloud           Conj/Pois/Air  4%         N/A       16%         3
 Swiftness                Air            4%         N/A       16%         3
 Dispel Undead            Necr           18%        3d11      21%         4
 Alistair's Intoxication  Tmut/Pois      21%        N/A       21%         5
 Anguish                  Hex/Necr       7%         N/A       26%         4
 Cause Fear               Hex            5%         N/A       32%         4
 Airstrike                Air            2%         2d(1-17)  45%         4
 Passage of Golubria      Tloc           4%         N/A       45%         4
 Sticky Flame             Conj/Fire      4%         2d3       45%         4
 Summon Lightning Spire   Summ/Air       4%         N/A       45%         4
 Agony                    Necr           18%        N/A       45%         5
 Silence                  Hex/Air        3%         N/A       71%         5
 Death Channel            Necr           9%         N/A       95%         6
 Simulacrum               Ice/Necr       5%         N/A       99%         6
 Enfeeble                 Hex            5%         N/A       100%        7
 Malign Gateway           Summ/Tloc      2%         N/A       100%        7
 Ignition                 Fire           2%         3d3       100%        8
 Lehudib's Crystal Spear  Conj/Erth      18%        10d6      100%        8
 Summon Horrible Things   Summ           2%         N/A       100%        8


Dungeon Overview and Level Annotations

Branches:
Dungeon (15/15)            Temple (0/1) D:5            Lair (5/5) D:10
 Shoals (4/4) Lair:2        Snake (4/4) Lair:2          Orc (2/2) D:9
    Elf (0/3) Orc:2        Vaults (0/5) D:14         Depths (0/4) D:15
  Slime: Lair:4-5

Altars:
Ashenzari
Cheibriados
Elyvilon
Fedhas
Kikubaaqudgha
Makhleb
Okawaru
Qazlal
Trog
Uskayaw
Vehumet
Jiyva

Shops:
D:10 [   D:15 :   Orc:1 :?   Orc:2 **?*?   Snake:1 [::

Annotations:
D:14 exclusion: hydra
Lair:2 exclusion: hydra
Lair:4 exclusion: 2 oklob plants
Shoals:1 Donald
Shoals:2 6 transporters
Shoals:3 exclusion: oklob plant
Snake:4 3 runed translucent doors, Qiytos's ghost, adept MiMo


Innate Abilities, Weirdness & Mutations

You are too large for most types of armour.
You have claws for hands.
Your natural rate of healing is unusually fast.
You are covered in fur. (AC +1)
You have tough skin. (AC +1)


Message History

A nearby plant withers and dies.
You block the manticore's attack. x2
The manticore claws you.
* * * LOW HITPOINT WARNING * * *
The merfolk aquamancer is engulfed in blazing flames.
The merfolk aquamancer gestures at you while chanting.
The ball of steam misses you.
You are engulfed in blazing flames.
* * * LOW HITPOINT WARNING * * *
You carefully extract the barbed spikes from your body.
You block the manticore's attack. x2; The manticore misses you.
The merfolk aquamancer hits you with a +0 rapier of protection.
* * * LOW HITPOINT WARNING * * *
The merfolk javelineer completely misses you.
The merfolk throws a throwing net.
The throwing net hits you.
You become entangled in the net!
You stop ascending the stairs.
You step out of the flow of time.
You return to the normal time flow.
The merfolk javelineer shouts! x2
The merfolk javelineer throws a javelin.
The javelin pierces through you!
* * * LOW HITPOINT WARNING * * *
The merfolk javelineer throws a silver javelin.
The silver javelin pierces through you.
* * * LOW HITPOINT WARNING * * *
x2 Tentacles burst out of the water! 2 tentacles come into view.
You feel much better.
The merfolk javelineer throws a javelin.
The javelin pierces through you!
* * * LOW HITPOINT WARNING * * *
The merfolk javelineer throws a silver javelin.
The silver javelin pierces through you!!
* * * LOW HITPOINT WARNING * * *
x2 The tentacle moves out of view.
The merfolk javelineer throws a javelin.
The javelin pierces through you.
* * * LOW HITPOINT WARNING * * *
The tentacle slaps you but does no damage.
The merfolk javelineer throws a silver javelin.
The silver javelin pierces through you!
You die... wZ

...~~~P *#
..P~~~P │.
..~P~~P
\##..P~P~~ ###
###│....~~~~
#.~~#~#│)m....~~
~......w........
P~P.P...@.).....
P.............$P


PP......)....... P...........m... ~...........~~## ............### #.........###
..#.......# You could see 2 merfolk javelineers, 2 tentacles and a kraken
simulacrum.

Vanquished Creatures
  Vashnia (Snake:2)
  Jorgrun (Shoals:3)
  Polyphemus (Shoals:3)
  2 krakens
  Kirke (D:15)
  Ilsuiw (Shoals:2)
  10 nagarajas
  Aizul (Snake:1)
  An orc warlord (Orc:1)
  A juggernaut zombie (D:15)
  Azrael (D:15)
  2 merfolk javelineers
  4 merfolk impalers
  An entropy weaver (shapeshifter) (D:13)
  A vault guard (D:14)
  Harold (Orc:1)
  6 salamander tyrants
  A merfolk avatar (Shoals:1)
  4 catoblepae
  A centaur warrior (D:10)
  6 anacondas
  3 boulder beetles
  8 death yaks
  An alligator snapping turtle (Shoals:2)
  3 two-headed ogres
  7 merfolk aquamancers
  A tengu warrior (D:12)
  12 naga warriors
  A vampire mage (D:15)
  16 naga sharpshooters
  5 orc high priests (Orc:2)
  4 shock serpents
  Sonja (Lair:4)
  Amaemon (Lair:1)
  2 salamander mystics
  4 skysharks
  12 skeletal warriors
  9 sea snakes
  5 orc knights
  5 naga ritualists
  Pikel (D:4)
  2 deep elf pyromancers
  A necromancer (D:15)
  3 orc sorcerers (Orc:2)
  8 mana vipers
  2 wolf spiders (Lair:2)
  9 harpies (Shoals:3)
  15 fauns
  5 ugly things
  4 cyclopes
  14 salamanders
  12 manticores
  10 merfolk sirens
  A stone giant skeleton (D:15)
  4 guardian serpents
  9 naga magi
  24 black mambas
  A water nymph (Shoals:1)
  5 elephants
  9 cane toads
  Joseph (D:9)
  4 gargoyles
  An orange demon (Lair:1)
  2 rime drakes (Lair:5)
  2 torpor snails (Lair:5)
  An unseen horror (D:10)
  A kobold demonologist (D:13)
  7 komodo dragons
  A tengu conjurer (D:12)
  A freezing wraith (D:10)
  A yaktaur (D:10)
  39 merfolk
  6 polar bears
  4 trolls
  3 meliai (D:13)
  A tyrant leech (Lair:5)
  5 snapping turtles
  7 wind drakes
  12 blink frogs
  Grinder (D:4)
  10 dream sheep
  2 centaur simulacra (D:12)
  A shadow (D:10)
  3 wyverns
  10 slime creatures
  65 yaks
  3 water elementals
  A wraith (D:10)
  3 basilisks
  2 fire elementals (D:14)
  5 hogs (D:15)
  2 steam dragons
  A redback (shapeshifter) (D:14)
  17 vampire mosquitoes
  Menkaure (D:4)
  Edmund (D:4)
  3 wargs
  2 swamp worms (Lair:5)
  An acid dragon (D:10)
  33 nagas
  3 hell hounds
  16 water moccasins
  18 orc warriors
  7 ice beasts
  2 sky beasts (D:6)
  3 black bears
  11 ogres
  14 wolves
  2 centaurs
  3 lemures (D:3)
  2 phantoms
  Blork the orc (D:5)
  8 bullfrogs
  5 scorpions
  5 wights
  9 killer bees (D:9)
  7 howler monkeys
  2 electric eels (Snake:1)
  2 hounds
  2 jellies
  A gnoll bouda (D:4)
  10 orc priests
  Crazy Yiuf (D:2)
  Jessica (D:2)
  Natasha (thrice) (D:2)
  2 sleepcaps
  5 iguanas
  17 orc wizards
  A mummy (D:3)
  9 gnolls
  10 adders
  A shadow imp (D:6)
  6 white imps
  2 ufetubi
  2 worms
  3 dart slugs
  71 orcs
  13 ball pythons
  12 endoplasms
  4 giant cockroaches
  18 goblins
  8 hobgoblins
  6 jackals
  4 quokkas
  5 bats
  3 frilled lizards
  10 kobolds
  8 rats
  8 tentacles
919 creatures vanquished.

Vanquished Creatures (others)
  Nessos (D:15)
  A naga mage (Snake:1)
  A spriggan zombie (D:15)
  An ettin skeleton (D:15)
  A redback simulacrum (D:15)
  12 fungi
  78 plants
  23 tentacles
  8 withered plants (D:15)
126 creatures vanquished.

Grand Total: 1045 creatures vanquished

Notes
Turn   | Place    | Note
-------+----------+-------------------------------------------
     0 | D:1      | freelancePsychic the Troll Wanderer began the quest for the
                  | Orb.
     0 | D:1      | freelancePsychic set off with the following items: a +0
                  | dagger, 6 boomerangs, a scroll of fear, a +0 robe; and the
                  | following spells available to memorise: Necrotise, Slow,
                  | Inner Flame, Dispel Undead, Anguish.
     0 | D:1      | Reached XP level 1. HP: 16/16 MP: 1/1
   118 | D:1      | Reached skill level 1 in Unarmed Combat
   144 | D:1      | Reached XP level 2. HP: 25/26 MP: 2/2
   814 | D:2      | Reached skill level 2 in Unarmed Combat
   814 | D:2      | Reached XP level 3. HP: 27/32 MP: 3/3
   818 | D:2      | Reached skill level 1 in Fighting
   962 | D:2      | Noticed Natasha
   971 | D:2      | Killed Natasha
   972 | D:2      | Reached XP level 4. HP: 28/41 MP: 4/4
   987 | D:2      | Noticed Natasha
   996 | D:2      | Killed Natasha
  1018 | D:2      | Reached skill level 3 in Unarmed Combat
  1269 | D:2      | Found a runed translucent door.
  1270 | D:2      | Noticed Crazy Yiuf
  1380 | D:2      | Noticed Jessica
  1390 | D:2      | Killed Jessica
  1391 | D:2      | Reached XP level 5. HP: 33/49 MP: 5/5
  1715 | D:2      | Noticed Natasha
  1729 | D:2      | Killed Natasha
  1999 | D:3      | Identified the +2 ring mail of the Hart {rElec rC+ Int+2
                  | Slay-3}
  2253 | D:3      | Found a snail-covered altar of Cheibriados.
  2477 | D:3      | Reached skill level 1 in Shields
  2498 | D:3      | Became a worshipper of Cheibriados the Contemplative
  2534 | D:4      | Identified the +9 sling of Ychafuw {freeze, rF+ MP+9 Int+3}
  2607 | D:4      | Noticed a lemure
  2619 | D:4      | Noticed Grinder
  2630 | D:3      | Killed a lemure
  2841 | D:4      | Reached skill level 4 in Unarmed Combat
  2938 | D:4      | Reached XP level 6. HP: 49/57 MP: 6/6
  3177 | D:4      | Noticed Pikel
  3341 | D:4      | Reached * piety under Cheibriados
  3478 | D:5      | Entered Level 5 of the Dungeon
  3577 | D:5      | Found an iron altar of Okawaru.
  3623 | D:5      | Noticed Blork the orc
  3634 | D:5      | Killed Blork the orc
  3695 | D:5      | Reached skill level 5 in Unarmed Combat
  3695 | D:5      | Reached XP level 7. HP: 52/66 MP: 7/7
  3745 | D:5      | Reached ** piety under Cheibriados
  3813 | D:5      | Found a large runed translucent door.
  3815 | D:5      | Found a large runed translucent door.
  3849 | D:5      | Found a staircase to the Ecumenical Temple.
  3863 | D:5      | Reached skill level 6 in Unarmed Combat
  4054 | D:5      | Reached XP level 8. HP: 75/75 MP: 8/8
  4624 | D:4      | Noticed Menkaure
  4650 | D:4      | Killed Pikel
  4651 | D:4      | Reached skill level 7 in Unarmed Combat
  4662 | D:4      | Killed Menkaure
  4727 | D:4      | Reached skill level 8 in Unarmed Combat
  4732 | D:4      | Reached *** piety under Cheibriados
  4926 | D:4      | Noticed Edmund
  4937 | D:4      | Killed Edmund
  5028 | D:4      | Paralysed by Grinder for 5 turns
  5036 | D:4      | Killed Grinder
  5037 | D:4      | Reached XP level 9. HP: 76/85 MP: 9/9
  5191 | D:5      | Found a white marble altar of Elyvilon.
  5205 | D:5      | Found a radiant altar of Vehumet.
  5358 | D:6      | Reached skill level 5 in Fighting
  5358 | D:6      | Reached skill level 5 in Shields
  5517 | D:6      | Found a hide-covered altar of Uskayaw.
  5520 | D:6      | Found a broken altar of Ashenzari.
  5673 | D:6      | Reached skill level 9 in Unarmed Combat
  5903 | D:6      | Reached **** piety under Cheibriados
  6171 | D:7      | Reached skill level 1 in Invocations
  6172 | D:7      | Reached skill level 10 in Unarmed Combat
  6575 | D:7      | Reached XP level 10. HP: 98/98 MP: 10/10
  7125 | D:8      | You fall into a shaft and drop 1 floor!
  7126 | D:9      | Noticed a two-headed ogre
  7133 | D:9      | Killed a two-headed ogre
  7134 | D:9      | Reached skill level 11 in Unarmed Combat
  7396 | D:9      | Reached ***** piety under Cheibriados
  7413 | D:9      | Found a staircase to the Orcish Mines.
  7712 | D:9      | Noticed Joseph
  7723 | D:9      | Killed Joseph
  7785 | D:9      | Found a stormy altar of Qazlal.
  7965 | D:9      | Found an ancient bone altar of Kikubaaqudgha.
  8018 | D:9      | Found a blossoming altar of Fedhas.
  8262 | D:10     | Entered Level 10 of the Dungeon
  8393 | D:10     | Found a staircase to the Lair.
  8393 | D:10     | Noticed an elephant
  8405 | D:10     | Killed an elephant
  8409 | D:10     | Reached skill level 12 in Unarmed Combat
  8409 | D:10     | Reached XP level 11. HP: 85/109 MP: 13/13
  8569 | D:10     | Noticed a deep elf pyromancer
  8613 | D:10     | Found a bloodstained altar of Trog.
  8719 | D:10     | Reached skill level 5 in Invocations
  8724 | D:10     | Killed a deep elf pyromancer
  8774 | D:10     | Noticed a centaur warrior
  8810 | D:10     | Identified the +8 shortbow "Havoph" {flame, Fly rCorr
                  | Int+2}
  8867 | D:10     | Killed a centaur warrior
  8974 | D:10     | Identified the +7 shortbow "Wonket" {elec, Str+3}
  9075 | D:10     | Found Modech's Antique Armour Boutique.
  9081 | D:10     | Noticed a two-headed ogre
  9087 | D:10     | Killed a two-headed ogre
  9146 | D:10     | Bought a runed hat for 231 gold pieces
  9719 | D:11     | Noticed a two-headed ogre
  9727 | D:11     | Killed a two-headed ogre
 10030 | Lair:1   | Entered Level 1 of the Lair of Beasts
 10049 | Lair:1   | Noticed Amaemon
 10497 | D:2      | Killed Crazy Yiuf
 10675 | Lair:1   | Killed Amaemon
 10679 | Lair:1   | Reached XP level 12. HP: 63/123 MP: 13/16
 11417 | Lair:2   | Found a staircase to the Snake Pit.
 11438 | Lair:2   | Reached ****** piety under Cheibriados
 11641 | Lair:2   | Noticed a boulder beetle
 11658 | Lair:2   | Killed a boulder beetle
 11696 | Lair:2   | Got the Codex of the Ten Mouths
 11729 | Lair:2   | Noticed a six-headed hydra
 11789 | Lair:2   | Found a staircase to the Shoals.
 11792 | Lair:2   | Reached skill level 5 in Dodging
 12420 | Lair:3   | You fall into a shaft and drop 2 floors!
 12420 | Lair:5   | Entered Level 5 of the Lair of Beasts
 12432 | Lair:5   | Reached skill level 10 in Fighting
 12443 | Lair:5   | Reached skill level 13 in Unarmed Combat
 12528 | Lair:5   | Reached XP level 13. HP: 130/133 MP: 17/17
 13632 | Lair:5   | Reached skill level 14 in Unarmed Combat
 14451 | Lair:4   | Noticed Sonja
 14454 | Lair:4   | Killed Sonja
 14517 | Lair:4   | Reached XP level 14. HP: 146/146 MP: 18/18
 14528 | Lair:4   | Found a viscous altar of Jiyva.
 15153 | D:12     | Identified the +6 quarterstaff of the Singing Shark {drain,
                  | Int+3}
 15561 | D:12     | Reached skill level 10 in Shields
 16161 | D:13     | Reached skill level 15 in Unarmed Combat
 16929 | D:14     | Found a gate to the Vaults.
 16969 | D:14     | Identified the +8 plate armour of Plog {Str+3}
 17685 | D:15     | Entered Level 15 of the Dungeon
 17685 | D:15     | Noticed Azrael
 17685 | D:15     | Found a staircase to the Depths.
 17773 | Orc:1    | Entered Level 1 of the Orcish Mines
 17780 | Orc:1    | Found Neapeama's Magic Scroll Emporium.
 17841 | Orc:1    | Found Zixkoh's Book Shoppe.
 17847 | Orc:1    | Bought a book of the Earth for 396 gold pieces
 17905 | Orc:1    | Noticed Harold
 17944 | Orc:1    | Killed Harold
 17945 | Orc:1    | Reached skill level 1 in Earth Magic
 17965 | Orc:1    | Noticed an orc warlord
 17971 | Orc:1    | Killed an orc warlord
 17972 | Orc:1    | Reached skill level 1 in Transmutations
 18178 | Orc:2    | Entered Level 2 of the Orcish Mines
 18346 | Orc:2    | Found a staircase to the Elven Halls.
 18776 | Orc:2    | Found Umyiriwug's Magic Scroll Emporium.
 18830 | Orc:2    | Found Equadetrem's Assorted Antiques.
 18830 | Orc:2    | Found Qurima's General Store.
 18917 | Orc:2    | Found Goedd's Magic Scroll Emporium.
 18917 | Orc:2    | Found Qojir's Assorted Antiques.
 19018 | Orc:2    | Learned a level 6 spell: Statue Form
 19256 | D:15     | Reached XP level 15. HP: 158/158 MP: 19/19
 19669 | Shoals:1 | Entered Level 1 of the Shoals
 19939 | Shoals:1 | Reached skill level 5 in Earth Magic
 20400 | Shoals:1 | Noticed a kraken
 20401 | Shoals:1 | Noticed Donald
 20733 | Lair:2   | Reached skill level 5 in Transmutations
 20766 | Snake:1  | Entered Level 1 of the Snake Pit
 21029 | Snake:1  | Found Suorhaalli's Book Boutique.
 21031 | Snake:1  | Found Kovyuv's Book Shop.
 21033 | Snake:1  | Found Sidus's Antique Armour Boutique.
 21043 | Snake:1  | Bought steam dragon scales for 1080 gold pieces
 21301 | Snake:1  | Noticed Aizul
 21880 | Snake:1  | Killed Aizul
 22565 | D:10     | Bought a runed kite shield for 247 gold pieces
 22763 | D:15     | Killed Azrael
 22854 | D:15     | Found Dean Won's Book Boutique.
 23071 | D:15     | Noticed Nessos
 23075 | D:15     | Killed Nessos
 23255 | D:15     | Noticed Kirke
 23280 | D:15     | Killed Kirke
 23360 | D:15     | Found a stormy altar of Qazlal.
 23647 | Snake:2  | Reached XP level 16. HP: 141/169 MP: 20/20
 23837 | Snake:3  | HP: 2/170 [black mamba (10)]
 24336 | Snake:3  | Found a burning altar of Makhleb.
 24798 | Snake:2  | Noticed Vashnia
 24834 | Snake:2  | Killed Vashnia
 25423 | Snake:4  | Entered Level 4 of the Snake Pit
 26111 | Snake:4  | Found a runed translucent gate.
 26112 | Snake:4  | Found a runed translucent gate.
 26114 | Snake:4  | Found a runed translucent gate.
 26115 | Snake:4  | Noticed Qiytos's ghost (adept MiMo)
 26219 | Snake:3  | Upgraded the game from 0.30-a0-1112-gfb780f5df6 to
                  | 0.30-a0-1114-gd936c97349
 26353 | Snake:4  | Learned a level 2 spell: Passwall
 26376 | Snake:4  | Reached skill level 10 in Earth Magic
 26391 | Snake:4  | Reached XP level 17. HP: 155/179 MP: 8/21
 26556 | Snake:4  | Got a serpentine rune of Zot
 26929 | Orc:2    | Bought a scroll of enchant armour for 90 gold pieces
 26929 | Orc:2    | Bought a scroll of teleportation for 36 gold pieces
 26929 | Orc:2    | Bought a scroll of blinking for 90 gold pieces
 26964 | Orc:2    | Bought a scroll of teleportation for 51 gold pieces
 27335 | Shoals:1 | Killed a kraken
 27500 | Shoals:2 | Found a transporter.
 27552 | Shoals:2 | Found a transporter.
 27558 | Shoals:2 | Found a transporter.
 27625 | Shoals:2 | Found a transporter.
 27987 | Shoals:2 | Identified a scroll of acquirement
 28017 | Shoals:2 | Acquired the +10 tower shield of Ignorance {rN+ Int-4}
 28017 | Shoals:2 | Found the +10 tower shield of Ignorance {rN+ Int-4}
 28052 | Shoals:2 | Found a transporter.
 28058 | Shoals:2 | Found a transporter.
 28201 | Shoals:2 | Noticed Ilsuiw
 28213 | Shoals:2 | Killed Ilsuiw
 28582 | Shoals:3 | Noticed Jorgrun
 28582 | Shoals:3 | Noticed a kraken
 28599 | Shoals:3 | Killed Jorgrun
 28851 | Shoals:3 | Found a burning altar of Makhleb.
 28891 | Shoals:3 | Reached skill level 16 in Unarmed Combat
 28987 | Shoals:3 | Killed a kraken
 29141 | Shoals:3 | Noticed Polyphemus
 29153 | Shoals:3 | Killed Polyphemus
 29410 | Shoals:4 | Entered Level 4 of the Shoals
 29430 | Shoals:4 | HP: 8/180 [merfolk javelineer/javelin (4)]
 29430 | Shoals:4 | Hit by a silver javelin thrown by a merfolk javelineer

Illustrated notes

Levels and vault maps discovered:
D:1:      dpeg_arrival_pits, layout_basic
D:2:      minmay_alternating_diamond, layout_basic, minmay_split_cup_small,
          uniq_natasha, uniq_jessica, uniq_crazy_yiuf_cottage
D:3:      layout_basic, chei_slow_surprise, nrook_uturn, serial_bayou_pond_e,
          minmay_misc_feat_five
D:4:      nicolae_cairo_tiling, layout_loops_ring, uniq_menkaure, uniq_grinder,
          uniq_edmund, uniq_pikel
D:5:      layout_basic, jmf_multi_god_temple2, kennysheep_okawaru_gauntlet,
          temple_pool_b, kennysheep_generic_room_13, uniq_blork_the_orc
D:6:      minmay_recursive_quarters, layout_loops_ring,
          nicolae_overflow_hidden_temple, minmay_misc_feat_nine_boxes
D:7:      layout_loops_ring
D:8:      layout_rooms
D:9:      layout_loops_ring, grunt_temple_overflow_growth_and_decay,
          mainiacjoe_overflow_alcove_2, orc_0_dummy, uniq_joseph
D:10:     layout_cave_pods, overflow_temple_1_default, david_lair_generic,
          serial_shops, nicolae_shop_crystal, nrook_pool_corridor,
          minmay_diamond_spiral
D:11:     layout_rooms
D:12:     layout_stronghold, serial_ice, serial_ice_f, serial_ice_k,
          serial_ice_h, serial_ice_b
D:13:     layout_small_grid
D:14:     layout_loops_ring, david_vaults_5, small_statue_intersection
D:15:     gammafunk_depths_entry_grave, layout_long_grid,
          chequers_decorated_corner, serial_shops, shop,
          chequers_serial_rivers_micro_a, nicolae_qazlal_eye_of_the_storm,
          uniq_azrael, uniq_kirke, uniq_nessos
Lair:1:   layout_gridlike, grunt_megastairs_2, serial_bayou_shore_b,
          uniq_amaemon
Lair:2:   layout_big_grid, elwin_shoals_entry_stream,
          guppyfry_snake_entry_garden, nicolae_lair_run_with_the_wolves
Lair:3:   layout_loops_ring, grunt_megastairs_4, infiniplex_staircase_pool
Lair:4:   layout_small_grid, minmay_slime_entry_oklob_enclosed,
          lemuel_fruit_tree, serial_bayou_shore_b, uniq_sonja
Lair:5:   evilmike_catoblepas_cave, layout_cave_pods, minmay_stone_trees_large,
          worms_lemuel
Shoals:1: layout_shoals, nicolae_shoals_aquamancer_cove, uniq_donald
Shoals:2: layout_shoals, serial_nicolae_subway, nicolae_sub_station_stone,
          nicolae_sub_station_metal, nicolae_sub_station_crystal, uniq_ilsuiw
Shoals:3: layout_shoals, lemuel_oklob_altar, uniq_polyphemus, uniq_jorgrun
Shoals:4: shoals_end_grunt_ice, layout_shoals, shoals_ilsuiw_alternative
Snake:1:  layout_onion_interference, guppyfry_snake_island, minmay_shop_star,
          uniq_aizul
Snake:2:  layout_onion_interference, uniq_vashnia
Snake:3:  layout_grid_shapes, basic_altar
Snake:4:  grunt_snake_rune_spirals, layout_onion, ebering_ghost_rock_garden
Orc:1:    layout_diamond_mine, serial_shops, shop, nicolae_shop_rolling_square,
          minmay_orc_barracks, uniq_harold
Orc:2:    grunt_orc_tribal_feast, layout_diamond_mine, serial_shops, shop

Skill      XL: |  1  2  3  4  5  6  7  8  9 10 11 12 13 14 15 16 17 |
---------------+----------------------------------------------------+-----
Unarmed Combat | 1 2 3 4 5 6 8 10 12 13 14 15 16 | 16.0
Fighting       | 1 2 3 4 5 7 9 10 11 12 13 14 | 14.2
Throwing       | 2 |  2.4
Shields        | 1 2 3 4 5 6 7 9 10 11 | 11.8
Invocations    | 1 4 7 |  7.0
Dodging        | 3 6 |  6.0
Earth Magic    | 3 7 10 11 | 11.5
Transmutations | 3 6 8 9 |  9.6
Spellcasting   | 3 |  3.0
Stealth        | |  1.0
Hexes          | |  1.0
Necromancy     | |  2.4

Action                     |  1- 3 |  4- 6 |  7- 9 | 10-12 | 13-15 | 16-18 || total
---------------------------+-------+-------+-------+-------+-------+-------++-------
  Melee: Unarmed           |    95 |   237 |   180 |   445 |  1030 |   527 ||  2514
         Punch             |     1 |     2 |       |       |       |       ||     3
   Fire: Sling             |       |    54 |    47 |    56 |       |       ||   157
  Throw: Stone             |    13 |     6 |     8 |       |       |       ||    27
         Boomerang         |     2 |     4 |       |    14 |       |       ||    20
         Dart              |       |       |     3 |    10 |    22 |       ||    35
   Cast: Statue Form       |       |       |       |       |       |    50 ||    50
 Invoke: Slouch            |       |       |       |     1 |    10 |     5 ||    16
         Bend Time         |       |       |       |     1 |       |       ||     1
         Step From Time    |       |       |       |       |       |     1 ||     1
         Temporal Distorti |       |       |       |       |       |     1 ||     1
  Evoke: Wand              |       |       |       |     1 |     3 |       ||     4
    Use: Scroll            |       |    10 |     4 |     9 |    22 |    10 ||    55
         Potion            |       |       |     1 |     1 |    13 |     9 ||    24
   Stab: Sleeping          |     1 |     3 |     4 |     1 |     5 |       ||    14
         Petrified         |       |       |       |       |       |     2 ||     2
 Armour: Robe              |    34 |    57 |    16 |    13 |       |       ||   120
         Acid dragon scale |       |       |       |    77 |   188 |       ||   265
         Steam dragon scal |       |       |       |       |    39 |    59 ||    98
         Skin              |       |       |       |       |       |   323 ||   323
  Dodge: Dodged            |    37 |    80 |    33 |    93 |   341 |   337 ||   921
  Block: Tower shield      |       |    63 |   118 |   518 |  1300 |       ||  1999
         Reflection        |       |       |       |     9 |    92 |   161 ||   262
         Kite shield       |       |       |       |       |    85 |   961 ||  1046

Table legend: (Time is in decaauts)
 A = Elapsed time spent in this place.
 B = Non-inter-level travel time spent in this place.
 C = Inter-level travel time spent in this place.
 D = Time resting spent in this place.
 E = Time spent auto-exploring this place.
 F = Levels seen in this place.
 G = Mean time per level.
                   A        B        C        D        E       F      G
               +--------+--------+--------+--------+--------+-----+--------+
         Total |  47004 |  41562 |   5442 |    324 |  33696 |  30 | 1566.8 |
       Dungeon |  22030 |  18829 |   3201 |    154 |  15502 |  15 | 1468.7 |
          Lair |   9011 |   8106 |    905 |     42 |   6779 |   5 | 1802.2 |
        Shoals |   5233 |   4941 |    292 |      9 |   3670 |   4 | 1308.2 |
     Snake Pit |   8349 |   7787 |    562 |     19 |   6356 |   4 | 2087.2 |
  Orcish Mines |   2379 |   1900 |    479 |    100 |   1388 |   2 | 1189.5 |
               +--------+--------+--------+--------+--------+-----+--------+

Top non-repeatable levels by time:
 Snake:1: 2998 daAuts
  Lair:5: 2700 daAuts
    D:10: 2659 daAuts
 Snake:4: 2362 daAuts
    D:14: 2154 daAuts
  Lair:2: 1981 daAuts
Shoals:1: 1826 daAuts
     D:5: 1763 daAuts
    D:12: 1725 daAuts
Shoals:2: 1721 daAuts
   Orc:2: 1701 daAuts
    D:13: 1669 daAuts
Shoals:3: 1664 daAuts
     D:4: 1646 daAuts
  Lair:1: 1627 daAuts
